 Dungeon Crawl Stone Soup version 0.28.0-43-g3370ac3207 (webtiles) character file.

Game seed: 5039237626305662767

82 xzight the Grave Robber (level 4, -3/32 HPs)
             Began as a Mummy Necromancer on Mar 18, 2022.
             Slain by a water moccasin (4 damage)
             ... on level 3 of the Dungeon.
             The game lasted 00:09:45 (3523 turns).

xzight the Grave Robber (Mummy Necromancer)         Turns: 3523, Time: 00:09:46

Health: -3/32      AC:  2    Str: 11    XL:     4   Next: 21%
Magic:  4/9        EV: 12    Int: 16    God:
Gold:   130        SH:  0    Dex: 12    Spells: 5/10 levels left

rFire   x . .      SeeInvis .   a - +8 trident of the Octopus King {venom, rElec rPois}
rCold   + . .      Faith    .   (no shield)
rNeg    + + +      Spirit   .   j - +0 robe
rPois   ∞          Reflect  .   (no helmet)
rElec   +          Harm     .   (no cloak)
rCorr   .          Rampage  .   (no gloves)
Will    +....                   (no boots)
Stlth   ++........              (no amulet)
HPRegen 0.10/turn               W - ring of willpower
MPRegen 0.11/turn               (no ring)

@: no status effects
A: cold resistance 1, negative energy resistance 3, torment resistance 2, heat
vulnerability 1, no potions
a: no special abilities


You were on level 3 of the Dungeon.
You visited 1 branch of the dungeon, and saw 3 of its levels.

You collected 130 gold pieces.


Innate Abilities, Weirdness & Mutations

You are immune to poison.
Your flesh is cold resistant. (rC+)
You are immune to negative energy. (rN+++)
You are immune to unholy pain and torment.
You are vulnerable to heat. (rF-)
You do not drink.


   Skills:
 * Level 1.6 Fighting
 + Level 2.3 Dodging
 - Level 1.5 Stealth
 + Level 3.6 Spellcasting
 + Level 4.4 Necromancy


You had 5 spell levels left.
You knew the following spells:

 Your Spells              Type           Power      Damage    Failure   Level
a - Pain                  Necr           68%        1d7       2%          1
b - Animate Skeleton      Necr           34%        N/A       2%          1
c - Vampiric Draining     Necr           17%        2d7       9%          3

Your spell library contained the following spells:

 Spells                   Type           Power      Damage    Failure   Level
 Magic Dart               Conj           8%         1d3       19%         1
 Call Imp                 Summ           2%         N/A       26%         2
 Animate Dead             Necr           8%         N/A       28%         4
 Mephitic Cloud           Conj/Pois/Air  2%         N/A       47%         3
 Agony                    Necr           17%        N/A       61%         5

Inventory:

Hand Weapons
 a - the +8 trident of the Octopus King (weapon) {venom, rElec rPois}
   (You found it on level 2 of the Dungeon)

   It poisons the flesh of those it strikes.
   rElec:     It insulates you from electricity.
   rPois:     It protects you from poison.
 b - the +9 hunting sling of Sexer {flame, Str+5 Int+4}
   (You found it on level 2 of the Dungeon)

   Any ammunition fired from it burns those it strikes, dealing additional fire
   damage.
   Str:       It affects your strength (+5).
   Int:       It affects your intelligence (+4).
Missiles
 k - 3 boomerangs (quivered)
Armour
 j - a +0 robe (worn)
Jewellery
 d - an amulet of guardian spirit
 W - a ring of willpower (left hand)
Scrolls
 c - a scroll of enchant armour
 e - 2 scrolls of immolation {unknown}
 f - a scroll of vulnerability {unknown}
 g - a scroll of noise
 h - 3 scrolls of identify {@r1}
 l - a scroll of summoning {unknown}

Dungeon Overview and Level Annotations

Branches:
Dungeon (3/15)

Altars:
Uskayaw

...#.##....>#...##.........#
.###.##...###..............#
###........##..............#
# ##.####.................##
# #.#
####....#####.....####### #
..# #...## #............# #
.## ###..# #............#
#S# #............# .# #@#
##...........# #.###
#.#####..........# ##....#
#...........###### ......###
########.........# 8.8......
#.........# .......▒.
#.........# ....8....
#.........# .......⚑.
#.........# ....8....
#.........#


You could see a water moccasin.


Message History

Confirm with . or Enter, or press ? or * to list all spells.
Aiming: Pain (safe; 2% risk of failure)
Press: ? - help, Shift-Dir - straight line, f/p - water moccasin
Aim: a water moccasin (moderately wounded, chance to affect: 75%)
The water moccasin struggles to resist.
The water moccasin bites you.
* * * LOW HITPOINT WARNING * * *
Casting: Pain (safe; 2% risk of failure)
Confirm with . or Enter, or press ? or * to list all spells.
Aiming: Pain (safe; 2% risk of failure)
Press: ? - help, Shift-Dir - straight line, f/p - water moccasin
Aim: a water moccasin (moderately wounded, chance to affect: 75%)
The water moccasin writhes in agony!
The water moccasin misses you. The water moccasin bites you.
* * * LOW HITPOINT WARNING * * *
Casting: Pain (safe; 2% risk of failure)
Confirm with . or Enter, or press ? or * to list all spells.
Aiming: Pain (safe; 2% risk of failure)
Press: ? - help, Shift-Dir - straight line, f/p - water moccasin
Aim: a water moccasin (heavily wounded, chance to affect: 75%)
The water moccasin writhes in agony.
The water moccasin bites you.
* * * LOW HITPOINT WARNING * * *
You can't drink.
You can't drink.
Casting: Pain (safe; 2% risk of failure)
Confirm with . or Enter, or press ? or * to list all spells.
Aiming: Pain (safe; 2% risk of failure)
Press: ? - help, Shift-Dir - straight line, f/p - water moccasin
Aim: a water moccasin (severely wounded, chance to affect: 75%)
The water moccasin writhes in agony.
The water moccasin bites you.
You die...

Skill      XL: |  1  2  3 |
---------------+----------+-----
Spellcasting   | 3 |  3.6
Dodging        | 2 |  2.3
Fighting       | 1 |  1.6
Stealth        | |  1.5
Necromancy     | |  4.4

Action                   |  1- 3 |  4- 6 || total
-------------------------+-------+-------++-------
Melee: Trident           |    10 |     5 ||    15
 Cast: Pain              |    87 |    29 ||   116
       Animate Skeleton  |     3 |     1 ||     4
       Vampiric Draining |       |     1 ||     1
  Use: Scroll            |       |     4 ||     4
Armor: Robe              |     9 |     2 ||    11
Dodge: Dodged            |    14 |     8 ||    22

Levels and vault maps discovered:
D:1:      dpeg_arrival_concentric_ovals, layout_loops_corners
D:2:      layout_basic, st_stairs_8
D:3:      layout_rooms, nicolae_uskayaw_dance_hall

Notes
Turn   | Place    | Note
-------+----------+-------------------------------------------
     0 | D:1      | xzight the Mummy Necromancer began the quest for the Orb.
     0 | D:1      | Reached XP level 1. HP: 13/13 MP: 4/4
   781 | D:1      | Reached skill level 3 in Spellcasting
   792 | D:1      | Reached XP level 2. HP: 17/19 MP: 0/6
   853 | D:1      | Learned a level 1 spell: Animate Skeleton
  1071 | D:2      | Reached skill level 2 in Dodging
  1576 | D:2      | Found the +8 trident of the Octopus King {venom, rElec
                  | rPois}
  1794 | D:2      | Reached XP level 3. HP: 25/25 MP: 4/7
  1800 | D:2      | Learned a level 3 spell: Vampiric Draining
  2150 | D:2      | Identified the +9 hunting sling of Sexer {flame, Str+5
                  | Int+4}
  2458 | D:3      | Reached skill level 1 in Fighting
  2768 | D:3      | Reached XP level 4. HP: 29/32 MP: 3/9
  3145 | D:3      | Noticed a water moccasin
  3280 | D:3      | Found a hide-covered altar of Uskayaw.
  3522 | D:3      | HP: 1/32 [water moccasin (6)]
  3523 | D:3      | Slain by a water moccasin

Vanquished Creatures
  3 adders
  5 worms
  A dart slug (D:2)
  4 bats
  4 endoplasms
  5 giant cockroaches
  3 hobgoblins
  2 quokkas
  6 ball pythons
  4 frilled lizards
  A goblin (D:2)
  2 kobolds
  A rat (D:3)
41 creatures vanquished.

Table legend: (Time is in decaauts)
 A = Elapsed time spent in this place.
 B = Non-inter-level travel time spent in this place.
 C = Inter-level travel time spent in this place.
 D = Time resting spent in this place.
 E = Time spent auto-exploring this place.
 F = Levels seen in this place.
 G = Mean time per level.
                   A        B        C        D        E       F      G
               +--------+--------+--------+--------+--------+-----+--------+
         Total |   3527 |   3347 |    180 |   1223 |   1612 |   3 | 1175.7 |
       Dungeon |   3527 |   3347 |    180 |   1223 |   1612 |   3 | 1175.7 |
               +--------+--------+--------+--------+--------+-----+--------+

Top non-repeatable levels by time:
     D:2: 1356 daAuts
     D:1: 1178 daAuts
     D:3: 992 daAuts

Table legend:
 A = Non-vault XP
 B = Vault XP
 C = Vault XP percentage of total XP
 D = Non-vault monster count
 E = Vault monster count
 F = Vault count percentage of total count
                 A         B        C        D         E       F
            +---------+---------+-------+---------+---------+-------
      Total |     117 |       1 |   0.8 |      40 |       1 |   2.4
            +---------+---------+-------+---------+---------+-------
        D:1 |      15 |       0 |   0.0 |       9 |       0 |   0.0
        D:2 |      40 |       1 |   2.4 |      13 |       1 |   7.1
        D:3 |      62 |       0 |   0.0 |      18 |       0 |   0.0
            +---------+---------+-------+---------+---------+-------
